 Dungeon Crawl Stone Soup version 0.26-a0-663-g36e8fdb655 (webtiles) character file.

Game seed: 13385601779937196591

222 marklar909 the Skirmisher (level 6, -5/49 HPs)
             Began as a Formicid Abyssal Knight on Oct 13, 2020.
             Was a Priest of Lugonu.
             Slain by an orc
             ... wielding a +0 flail
              (8 damage)
             ... on level 3 of the Dungeon.
             The game lasted 00:04:49 (3780 turns).

marklar909 the Skirmisher (Formicid Abyssal Knight) Turns: 3780, Time: 00:04:50

Health: -5/49      AC:  6    Str: 18    XL:     6   Next: 19%
Magic:  8/8        EV: 10    Int: 12    God:    Lugonu [***...]
Gold:   126        SH:  0    Dex: 10    Spells: 5/5 levels left

rFire    . . .     SeeInvis +   m - +1 flail
rCold    . . .     Faith    .   (no shield)
rNeg     . . .     Spirit   .   j - +0 scale mail
rPois    .         Reflect  .   (helmet unavailable)
rElec    .         Harm     .   (no cloak)
rCorr    .         Rampage  .   (no gloves)
MR       .....                  (no boots)
Stlth    ..........             (no amulet)
HPRegen  0.16/turn              (no ring)
MPRegen  0.11/turn              (no ring)

@: flying
A: permanent stasis, dig shafts and tunnels, four strong arms, antennae 3
a: Dig, Shaft Self, Depart the Abyss, Bend Space, Banish, Renounce Religion


You were on level 3 of the Dungeon.
You worshipped Lugonu.
Lugonu was most pleased with you.
You visited 1 branch of the dungeon, and saw 3 of its levels.
You visited the Abyss 1 time.

You collected 126 gold pieces.

Inventory:

Hand Weapons
 m - a +1 flail (weapon)
Missiles
 e - 12 bolts
Armour
 f - a +0 chain mail
 j - a +0 scale mail (worn)
Jewellery
 p - an uncursed ring of stealth {unknown}
Wands
 o - a wand of random effects (21)
Scrolls
 a - a scroll of random uselessness {unknown}
 b - 3 scrolls of identify
 c - a scroll of amnesia
 d - 2 scrolls of fear {unknown}
 h - a scroll of teleportation {unknown}
 i - 2 scrolls of remove curse
Potions
 k - a potion of degeneration {unknown}
 l - a potion of brilliance {unknown}
 n - a potion of might {unknown}


   Skills:
 * Level 4.6 Fighting
 * Level 3.8 Maces & Flails
 * Level 3.6 Armour
 * Level 1.5 Dodging
 + Level 0.1 Stealth
 + Level 2.6 Invocations


You had 5 spell levels left.
You didn't know any spells.
Your spell library was empty.

Dungeon Overview and Level Annotations

Branches:
Dungeon (3/15)

Altars:
Nemelex Xobeh


Innate Abilities, Weirdness & Mutations

You cannot be hasted, slowed, berserked, paralysed or teleported.
You can dig through walls and to a lower floor.
Your four strong arms can wield two-handed weapons with a shield.
You have a pair of large antennae on your head. (SInv)


Message History

The orc priest begins to cast a cantrip, but forgets the words!
The orc hits you with a +0 flail.
You barely miss the orc priest.
The orc priest is heavily wounded.
The orc priest hits you with a +0 trident.
The orc hits you with a +0 flail.
* * * LOW HITPOINT WARNING * * *
You closely miss the orc priest.
The orc priest is heavily wounded.
The orc priest mumbles some strange prayers to Beogh against you.
Beogh smites you!
* * * LOW HITPOINT WARNING * * *
The orc barely misses you.
Unknown command.
It was a potion of flight.
You feel very buoyant.
You fly up into the air.
The orc priest calls down the wrath of Beogh upon you.
You struggle to resist.
The orc hits you with a +0 flail!
You die...

########......#.#.(....
#..........#.##.....#..
#.#######..#........#..
#..........#..###..##..
##########.#....#...#.#
#.########.#<.
#.#......#.#.# #
########.#..........#
#...#..o@........##......
......)o###.####.#####†.#
#.#.#.#†..............#>.
........#####.##..(.#.###
#.#.#.#.......#####.#.###
........####### #.#....
#.#.#.#.. #.#####
........# #.#...#
#.#.#.#.# #.#.#.#


You could see an orc priest and an orc.

Vanquished Creatures
  An orc priest (D:3)
  An orc wizard (D:2)
  Robin (D:1)
  6 adders
  A worm (D:2)
  2 dart slugs
  5 leopard geckos
  6 orcs
  A ball python (D:3)
  11 bats
  3 giant cockroaches
  19 goblins
  5 hobgoblins
  5 kobolds
  2 quokkas (D:3)
  4 frilled lizards
  12 rats
85 creatures vanquished.

Notes
Turn   | Place    | Note
-------+----------+-------------------------------------------
     0 | Abyss:1  | marklar909 the Formicid Abyssal Knight began the quest for
                  | the Orb.
     0 | Abyss:1  | Reached XP level 1. HP: 18/18 MP: 2/2
    45 | Abyss:1  | Noticed a starcursed mass
    46 | D:1      | Escaped the Abyss
    85 | D:1      | Reached * piety under Lugonu
   218 | D:1      | Reached XP level 2. HP: 19/24 MP: 4/4
  1651 | D:2      | Reached XP level 3. HP: 30/30 MP: 5/5
  1773 | D:2      | Noticed Robin
  1940 | D:1      | Killed Robin
  1940 | D:1      | Reached skill level 4 in Fighting
  1940 | D:1      | Reached skill level 1 in Dodging
  2073 | D:2      | Reached XP level 4. HP: 36/37 MP: 6/6
  2139 | D:2      | Reached ** piety under Lugonu
  2648 | D:2      | Reached XP level 5. HP: 42/42 MP: 7/7
  3436 | D:3      | Found a sparkling altar of Nemelex Xobeh.
  3515 | D:3      | Reached XP level 6. HP: 48/49 MP: 8/8
  3528 | D:3      | Reached *** piety under Lugonu
  3779 | D:3      | HP: 2/49 [orc priest/divine providence (12)]
  3780 | D:3      | Slain by an orc

Illustrated notes

Levels and vault maps discovered:
D:1:      onia_arrival_mini_maze_b, layout_loops_corners
D:2:      layout_basic, feat_on_display, uniq_robin
D:3:      layout_basic, marbit_many_paths, serial_glass, glass_columns_c,
          glass_columns_a, uniq_natasha

Skill      XL: |  1  2  3  4  5 |
---------------+----------------+-----
Fighting       | 4 |  4.6
Dodging        | 1 |  1.5
Armour         | 3 |  3.6
Maces & Flails | 3 |  3.8
Stealth        | |  0.1
Invocations    | |  2.6

Action                   |  1- 3 |  4- 6 || total
-------------------------+-------+-------++-------
Melee: Mace              |   128 |   128 ||   256
       Flail             |       |    52 ||    52
Invok: Depart the Abyss  |     1 |       ||     1
 Abil: Dig               |     1 |       ||     1
  Use: Scroll            |       |     5 ||     5
       Potion            |       |     1 ||     1
Armor: Leather armour    |    17 |       ||    17
       Chain mail        |    39 |       ||    39
       Scale mail        |    21 |   119 ||   140
Dodge: Dodged            |    76 |   121 ||   197

Table legend: (Time is in decaauts)
 A = Elapsed time spent in this place.
 B = Non-inter-level travel time spent in this place.
 C = Inter-level travel time spent in this place.
 D = Time resting spent in this place.
 E = Time spent auto-exploring this place.
 F = Levels seen in this place.
 G = Mean time per level.
                   A        B        C        D        E       F      G
               +--------+--------+--------+--------+--------+-----+--------+
         Total |   3867 |   3775 |     92 |    945 |   2075 |   4 |  966.8 |
       Dungeon |   3821 |   3729 |     92 |    945 |   2039 |   3 | 1273.7 |
         Abyss |     46 |     46 |      0 |      0 |     36 |   1 |   46.0 |
               +--------+--------+--------+--------+--------+-----+--------+

Top non-repeatable levels by time:
     D:1: 1821 daAuts
     D:2: 1462 daAuts
     D:3: 538 daAuts
 Abyss:1: 46 daAuts
